Map: Port Aleksander LE

Players

Riddler

  • Race: Protoss Protoss
  • League: Master
  • Spawn Location: 5:00

Neuro - Winner!

  • Race: Zerg Zerg
  • League: Master
  • Spawn Location: 11:00

VOD

Have the link to the VOD?

Description

Time

  • Played on: Jan. 30, 2019, 4:43 p.m.
  • Length: 15:00
Show
View Real Time Build Order
Export as new Build Order

Riddler Protoss 

Build Orders: 1 Gate Expand 

Get SALT Encoding   

  12  0:00  Probe  
  13  0:12  Probe  
  14  0:20  Pylon  
  14  0:25  Probe  
  15  0:35  Probe  
  16  0:43  Probe  
  16  0:44  Gateway  
  17  0:52  Probe  
  17  0:53  Assimilator  
  18  1:04  Probe  
  20  1:25  Nexus  
  19  1:38  Cybernetics Core  
  19  1:40  Probe  
  20  1:52  Assimilator, Probe  
  21  1:58  Pylon  
  21  2:05  Probe  
  21  2:06  Adept  
  22  2:15  Warp Gate  
  22  2:17  Probe  
  25  2:26  Probe  
  26  2:34  Probe  
  26  2:35  Probe  
  26  2:36  Adept  
  28  2:42  Probe  
  30  2:45  Stargate  
  30  2:48  Probe  
  32  2:52  Probe  
  33  3:00  Pylon, Probe  
  33  3:04  Probe  
  35  3:13  Sentry, Probe  
  35  3:16  Probe  
  35  3:17  Shield Battery  
  39  3:20  Assimilator  
  39  3:25  Void Ray, Probe  
  40  3:28  Probe  
  43  3:37  Probe  
  46  3:44  Pylon  
  46  3:47  Probe  
  47  3:49  Probe  
  47  3:54  Robotics Facility  
  48  3:59  Probe  
  48  4:01  Probe  
  50  4:04  Adept  
  50  4:08  Oracle  
  52  4:11  Assimilator, Probe  
  52  4:13  Phoenix, Probe  
  57  4:28  Gateway  
  57  4:29  Gateway  
  57  4:31  Probe x2  
  59  4:37  Sentry  
  61  4:43  Probe  
  62  4:49  Pylon  
  62  4:50  Pylon  
  65  5:07  Observer, Probe x2  
  65  5:19  Probe  
  65  5:20  Robotics Bay, Sentry  
  68  5:21  Probe  
  68  5:25  Adept, Sentry  
  73  5:31  Probe  
  73  5:33  Gateway, Nexus  
  73  5:34  Pylon  
  74  5:36  Gateway  
  74  5:37  Warp Prism  
  74  5:38  Twilight Council  
  74  5:41  Probe  
  75  5:44  Probe  
  75  5:49  Pylon  
  78  5:53  Zealot  
  78  5:55  Stalker x2  
  84  5:57  Probe  
  84  5:58  Probe  
  84  6:03  Disruptor  
  86  6:05  Gravitic Drive  
  86  6:06  Blink  
  89  6:26  Stalker x2  
  89  6:28  Pylon  
  89  6:30  Probe  
  94  6:34  Disruptor  
  94  6:38  Pylon  
  94  6:39  Pylon  
  94  6:44  Shield Battery, Probe  
  94  6:45  Shield Battery  
  98  6:49  Probe  
  98  6:51  Sentry x2  
  98  6:52  Probe  
  98  6:53  Probe  
  104  6:57  Probe  
  104  6:59  Pylon  
  104  7:00  Stalker  
  107  7:04  Assimilator, Probe  
  107  7:05  Probe  
  107  7:06  Disruptor  
  107  7:07  Forge, Probe  
  114  7:21  Stalker x3  
  120  7:36  Probe  
  120  7:37  Probe x2  
  123  7:38  Robotics Facility  
  123  7:41  Assimilator  
  123  7:42  Pylon  
  123  7:44  Colossus  
  123  7:54  Nexus  
  123  7:56  Protoss Ground Weapons Level 1  
  128  8:11  Stalker x3  
  134  8:14  Stalker x2  
  134  8:18  Pylon  
  138  8:20  Pylon  
  138  8:22  Probe x3  
  138  8:25  Pylon  
  141  8:39  Stalker  
  141  8:40  Colossus, Stalker x4  
  147  8:42  Colossus  
  106  9:31  Colossus, Stalker x2  
  106  9:32  Stalker x3  
  106  9:35  Colossus  
  128  9:40  Probe x3  
  131  10:03  Nexus  
  131  10:04  Pylon  
  131  10:05  Sentry  
  131  10:06  Sentry  
  131  10:07  Pylon, Sentry x3  
  140  10:17  Gateway  
  140  10:18  Gateway  
  140  10:20  Gateway  
  135  10:21  Gateway  
  133  10:29  Stalker x3  
  133  10:30  Stalker x2  
  133  10:34  Probe x3  
  142  10:56  Colossus  
  142  11:00  Observer  
  149  11:12  Pylon  
  149  11:13  Pylon  
  149  11:16  Pylon  
  149  11:17  Pylon  
  149  11:20  Zealot  
  149  11:21  Zealot x3  
  157  11:29  Charge  
  157  11:30  Observer  
  158  11:33  Zealot  
  158  11:38  Probe x2  
  158  11:39  Probe  
  138  11:42  Zealot x8  
  149  11:50  Probe  
  149  11:51  Probe x2  
  152  12:05  Colossus  
  152  12:09  Protoss Ground Weapons Level 2  
  152  12:15  Colossus  
  134  12:39  Sentry x5  
  134  12:40  Stalker x4  
  95  13:06  Zealot x9  
  105  13:27  Zealot x5  
  81  13:28  Zealot x4  
  92  13:35  Probe  
  92  13:36  Probe x2  
  95  13:49  Sentry x6  
  95  13:55  Zealot  
  109  14:06  Sentry  
  109  14:07  Sentry  
  113  14:39  Stalker x3  
  53  14:53  Zealot x2  
  53  14:54  Sentry  
Show
View Real Time Build Order
Export as new Build Order

Neuro Zerg - Winner!

Build Orders: Hatch First, Roach Hydra 

Get SALT Encoding   

  12  0:01  Drone  
  13  0:13  Overlord  
  13  0:18  Drone  
  14  0:31  Drone x2  
  16  0:50  Hatchery  
  16  0:53  Drone  
  17  0:57  Drone  
  17  1:00  Drone  
  18  1:12  Extractor  
  18  1:16  Spawning Pool  
  16  1:20  Drone  
  16  1:23  Drone  
  18  1:31  Drone  
  19  1:41  Drone  
  20  1:53  Overlord  
  20  2:04  Queen x2  
  20  2:06  Zergling x4  
  26  2:14  Metabolic Boost  
  26  2:16  Drone  
  27  2:24  Drone x3  
  30  2:34  Overlord  
  30  2:36  Drone  
  31  2:42  Queen  
  33  2:46  Drone  
  34  2:51  Drone  
  34  2:57  Overlord  
  35  3:01  Lair  
  35  3:03  Drone  
  35  3:05  Drone  
  37  3:11  Drone x2  
  39  3:14  Drone x2  
  39  3:16  Drone  
  42  3:23  Evolution Chamber  
  41  3:29  Drone  
  41  3:30  Roach Warren  
  41  3:33  Drone x2  
  43  3:42  Overlord x2  
  43  3:45  Drone x3  
  46  3:51  Zerg Missile Weapons Level 1  
  46  3:52  Drone  
  46  3:53  Drone  
  48  4:00  Extractor, Drone x3  
  48  4:01  Extractor  
  49  4:04  Overlord  
  49  4:15  Drone  
  50  4:22  Glial Reconstitution  
  50  4:29  Hatchery  
  49  4:31  Roach  
  49  4:32  Roach x2  
  49  4:36  Roach  
  49  4:37  Roach  
  59  4:40  Roach  
  59  4:41  Overlord x2  
  61  4:58  Drone x7  
  67  5:13  Drone x4  
  67  5:19  Drone x4, Spore Crawler  
  68  5:24  Spore Crawler  
  68  5:26  Drone, Hydralisk Den  
  67  5:32  Drone x4  
  71  5:45  Zerg Missile Weapons Level 2  
  71  5:50  Roach  
  71  5:51  Roach x3  
  71  5:53  Drone x5  
  83  5:59  Grooved Spines  
  83  6:15  Overlord x2  
  83  6:16  Hydralisk x3  
  89  6:22  Extractor, Overlord x3, Spore Crawler  
  89  6:23  Extractor  
  86  6:26  Drone x3  
  86  6:31  Overlord x2  
  89  6:36  Drone x6  
  95  6:44  Drone x5  
  100  6:48  Hydralisk  
  102  7:02  Hydralisk x6  
  102  7:08  Overseer  
  114  7:10  Muscular Augments  
  114  7:12  Hydralisk x2  
  118  7:22  Zergling x18  
  115  7:25  Hatchery  
  115  7:28  Pneumatized Carapace  
  114  7:36  Zergling x12  
  120  7:44  Extractor  
  120  7:48  Zergling x2  
  120  7:49  Zergling x8  
  124  7:53  Baneling Nest  
  117  7:58  Hydralisk x3  
  117  7:59  Hydralisk x3  
  129  8:06  Overlord x4  
  129  8:07  Overlord  
  129  8:27  Hydralisk x3  
  129  8:28  Hydralisk x7  
  149  8:38  Hydralisk x4  
  157  8:50  Zerg Melee Weapons Level 1  
  157  8:52  Zergling x16  
  145  9:18  Zergling x28  
  144  9:28  Hydralisk x6  
  152  9:33  Centrifical Hooks  
  152  9:35  Drone x5  
  152  9:36  Queen  
  159  9:48  Hydralisk x5  
  169  9:54  Spire  
  169  9:57  Drone x3  
  171  10:05  Hydralisk x5  
  171  10:06  Hydralisk  
  180  10:11  Extractor x2  
  178  10:24  Baneling x9  
  178  10:25  Baneling x3  
  178  10:41  Drone x3  
  173  10:43  Hatchery  
  172  10:51  Overlord x7  
  172  10:54  Infestation Pit, Zerg Melee Weapons Level 2  
  171  11:13  Corruptor x7  
  171  11:14  Corruptor  
  171  11:18  Zergling x8  
  190  11:22  Zergling x6  
  187  11:47  Spine Crawler x2  
  187  11:48  Drone x7, Spine Crawler  
  187  11:49  Baneling x2  
  187  11:52  Baneling x8  
  187  11:53  Baneling x2  
  191  11:55  Overseer  
  191  12:05  Lair  
  191  12:20  Zergling x24  
  194  12:36  Zergling x34  
  181  12:47  Zergling x12  
  158  13:08  Hive  
  158  13:10  Infestor x4  
  166  13:15  Zergling x26  
  160  13:43  Zergling x36  
  176  14:02  Mutalisk x10  
  186  14:06  Baneling x5  
  186  14:07  Baneling x10  
  196  14:14  Spore Crawler x2  
  196  14:16  Extractor x2, Spore Crawler  
  191  14:18  Drone x7, Spine Crawler x2  
  191  14:20  Spine Crawler  
  196  14:29  Zergling x6  
  192  14:33  Baneling x19  
  192  14:34  Baneling x8  
Tags
 
Add a new tag
Caveats
  • Supply blocks, unpowered buildings, or Contaminate may cause inaccurate times.
  • Supply counts are checked every 10 seconds.